 Dungeon Crawl Stone Soup version 0.31-a0-187-gba352fbbf7 (webtiles) character file.

Game seed: 13285167729491563908

4603 ytrimaz the Scholar of Death (level 10, 0/63 HPs)
             Began as a Mummy Necromancer on June 23, 2023.
             Was a Follower of Kikubaaqudgha.
             Slain by Maurice
             ... wielding a +3 short sword of venom
              (7 damage)
             ... on level 8 of the Dungeon.
             The game lasted 00:16:09 (10202 turns).

ytrimaz the Scholar of Death (Mummy Necromancer)   Turns: 10202, Time: 00:16:09

Health: 0/63       AC:  8    Str: 18    XL:     10   Next: 19%
Magic:  2/24       EV: 12    Int: 19    God:    Kikubaaqudgha [*.....]
Gold:   199        SH:  0    Dex: 12    Spells: 7/30 levels left

rFire   + . .        o - +3 mace of the Illusory Artists {heavy, rF++}
rCold   + . .        (no shield)
rNeg    + + +        l - +1 steam dragon scales
rPois   ∞            i - +0 helmet
rElec   .            g - +0 cloak
rCorr   .            (no gloves)
SInv    .            (no boots)
Will    +....        b - amulet of the acrobat
Stlth   ++           r - +6 ring of strength
HPRegen 0.30/turn    (no ring)
MPRegen 0.19/turn

%: acrobat, faith
@: death channelling, animating dead
A: cold resistance 1, negative energy resistance 3, torment resistance 2, heat
vulnerability 1, in touch with death 1, no potions, faith
a: Renounce Religion, Unearth Wretches


You were on level 8 of the Dungeon.
You worshipped Kikubaaqudgha.
Kikubaaqudgha was aware of your devotion.
You visited 2 branches of the dungeon, and saw 9 of its levels.
You also visited: Bailey.

You collected 199 gold pieces.


Innate Abilities, Weirdness & Mutations

You are immune to poison.
Your flesh is cold resistant. (rC+)
You are immune to negative energy. (rN+++)
You are immune to unholy pain and torment.
You are vulnerable to heat. (rF-)
You are in touch with the powers of death.
You do not drink.
You have a special connection with the divine. (Faith)


   Skills:
 - Level 1.5 Dodging
 - Level 1.5 Stealth
 + Level 10.7 Spellcasting
 * Level 12.7 Necromancy


You had 7 spell levels left.
You knew the following spells:

 Your Spells              Type           Power      Damage    Failure   Level
a - Agony                 Necr           73%        N/A       1%          5
b - Vampiric Draining     Necr           73%        2d11      1%          3
c - Animate Dead          Necr           73%        N/A       1%          4
d - Dispel Undead         Necr           73%        3d24      1%          4
e - Death Channel         Necr           36%        N/A       5%          6
f - Necrotise             Necr           100%       1d9       1%          1

Your spell library contained the following spells:

 Spells                   Type           Power      Damage    Failure   Level
 Kiss of Death            Conj/Necr      100%       2d13      1%          1
 Cigotuvi's Dreadful Rot  Necr/Pois/Air  78%        N/A       1%          2
 Ensorcelled Hibernation  Hex/Ice        20%        N/A       11%         2
 Passwall                 Tmut/Erth      8%         N/A       11%         2
 Swiftness                Air            10%        N/A       21%         3
 Leda's Liquefaction      Hex/Erth       5%         N/A       56%         4
 Lee's Rapid Deconstruct  Erth           5%         3d6*      88%         5
 Leda's Unmaking          Conj/Erth      5%         9d2       100%        6
 Statue Form              Tmut/Erth      Unusable   N/A       N/A         6

Inventory:

Hand Weapons
 o - the +3 mace of the Illusory Artists (weapon) {heavy, rF++}
   (You took it off a spriggan in a bailey)

   rF:        It greatly protects you from fire.
Armour
 g - a +0 cloak (worn)
   (You found it on level 4 of the Dungeon)
 i - a +0 helmet (worn)
   (You found it on level 4 of the Dungeon)
 l - +1 steam dragon scales (worn)
   (You took it off Maggie on level 6 of the Dungeon)
 p - +0 steam dragon scales
   (You took it off a spriggan in a bailey)
Jewellery
 b - an amulet of the acrobat (around neck)
   (You found it on level 3 of the Dungeon)
 r - a +6 ring of strength (left hand)
   (You found it on level 7 of the Dungeon)
Wands
 a - a wand of light (7)
   (You found it on level 6 of the Dungeon)
 m - a wand of flame (21)
   (You found it on level 7 of the Dungeon)
Scrolls
 c - 2 scrolls of noise
 d - 3 scrolls of poison
 e - a scroll of brand weapon
 f - a scroll of teleportation
 h - a scroll of blinking
 j - a scroll of revelation
 k - 2 scrolls of amnesia
 n - a scroll of identify
 s - a scroll of torment {unknown}

Dungeon Overview and Level Annotations

Branches:
Dungeon (8/15) Zot: 26724  Temple (1/1) D:5 Zot: 5689    Lair (0/5) D:8
 Bailey (visited)

Altars:
Ashenzari
Cheibriados
Dithmenos
Fedhas
Gozag
Hepliaklqana
Kikubaaqudgha
Makhleb
Nemelex Xobeh
Okawaru
Ru
Trog
Uskayaw
Vehumet
Wu Jian
Xom
Yredelemnul

Annotations:
D:4 3 runed translucent doors, olddryhag's ghost, novice GnGl
D:8 Maurice

.... .....#...........
..... .....>#...........
.... ...................
#...##...≈≈≈≈.....##...
###...#...≈§≈≈≈≈.#####...
..........§≈≈.≈≈.# #....
.......Z.≈≈.>.≈≈.# #....
.$......{Z≈§≈≈≈≈.####....
#.....##@Z§§≈≈≈..##...###
#$....ZZ.Z§≈).....#.###
#.....^#.)))........#
####+################


You could see a friendly spectral fire crab, a friendly spectral kobold, a
friendly spectral kobold brigand, a friendly fire crab zombie, a friendly kobold
zombie and a friendly kobold brigand zombie.


Message History

Your kobold brigand zombie is engulfed in blazing flames.
The fire crab breathes flames at you. The blast of flame engulfs you.
You resist.
Your spectral kobold brigand hits the fire crab but does no damage.
Your spectral kobold is engulfed in blazing flames.
Your spectral kobold closely misses something.
Your kobold zombie is engulfed in blazing flames.
Your kobold zombie is destroyed! 😮 MP[-3]
You lost 3 mp, and now have 3/24 mp.
Casting: Vampiric Draining (safe; 1% risk of failure)
Confirm with . or Enter, or press ? or * to list all spells.
Aiming: Vampiric Draining (safe; 1% risk of failure)
Press: ? - help, Shift-Dir - straight line, f/p - fire crab
Aim: a fire crab (flame, moderately wounded, ally target)
You feel a surge of power!
You draw life force from the fire crab!
You feel life coursing into your body!
You are engulfed in blazing flames.
You resist.
Your kobold zombie barely misses the fire crab.
The fire crab bites you.
You are engulfed in flames.
You resist. The fire crab barely misses you.
Your spectral kobold brigand closely misses the fire crab.
Something closely misses your spectral kobold.
Your spectral kobold hits the fire crab.
Your spectral kobold barely misses something. 😮 HP[-2] MP[-3]
You take 2 damage, and now have 41/63 hp.
You lost 3 mp, and now have 0/24 mp.
You sock the fire crab! The fire crab bites you.
You are engulfed in flames.
You resist.
The fire crab claws you but does no damage.
Your kobold zombie hits the fire crab but does no damage.
Your kobold zombie hits the fire crab.
Your spectral kobold brigand hits the fire crab.
Your spectral kobold hits the fire crab but does no damage.
Your spectral kobold barely misses something.
Something hits your spectral kobold!
Your spectral kobold is destroyed!
The fire crab bites your kobold zombie.
Your kobold zombie is engulfed in flames!
Your kobold zombie is destroyed!
Your kobold zombie hits the fire crab but does no damage.
Your spectral kobold brigand hits the fire crab but does no damage.
Your spectral kobold hits the fire crab but does no damage. 😮 HP[-4] MP[+1]
You take 4 damage, and now have 37/63 hp.
You bludgeon the fire crab!!
You kill the fire crab!
Kikubaaqudgha accepts your kill.
The dead are walking!
A glowing mist starts to gather...
Your spectral kobold brigand barely misses something.
Your spectral kobold barely misses something.
You hear a sling whirr.
A sling bullet appears from out of thin air!
The sling bullet hits you.
* * * LOW HITPOINT WARNING * * *
Your spectral kobold brigand hits something.
Your spectral kobold hits something but does no damage. 😨 HP[-6]
You take 6 damage, and now have 31/63 hp.
Unknown command.
Something hits you!
* * * LOW HITPOINT WARNING * * *
Something steals your amulet of reflection!
Your spectral kobold brigand barely misses something.
Something blocks your spectral kobold's attack.
Something blocks your spectral fire crab's attack. x2
Things that are here:
a +0 whip; 5 poisoned darts; 😨 HP[-7]
You take 7 damage, and now have 24/63 hp.
You miss something.
You hear a zap.
A bolt of light appears from out of thin air!
The bolt of light misses you.
Your spectral kobold brigand closely misses something.
Your spectral kobold closely misses something.
Something blocks your spectral fire crab's attack.
Your spectral fire crab claws something.
Something hits you.
* * * LOW HITPOINT WARNING * * *
Something steals 194 gold pieces!
You now have 199 gold pieces.
Your spectral kobold brigand barely misses something.
Something blocks your spectral kobold's attack.
Something blocks your spectral fire crab's attack.
Your spectral fire crab closely misses something. 😨 HP[-3] MP[+1]
You take 3 damage, and now have 21/63 hp.
Unknown command.
Something blocks your attack.
You hear a zap.
A bolt of light appears from out of thin air!
The bolt of light hits you!
* * * LOW HITPOINT WARNING * * *
Something blocks your spectral kobold brigand's attack.
Something blocks your spectral kobold's attack.
Your spectral fire crab bites something.
Your spectral fire crab claws something.
Something hits you!
You die...
Kikubaaqudgha rasps: "You have failed me!
Welcome... oblivion!"

Skill      XL: |  1  2  3  4  5  6  7  8  9 |
---------------+----------------------------+-----
Spellcasting   | 3 4 5 7 8 10 | 10.7
Necromancy     | 5 6 7 9 10 12 | 12.7
Dodging        | |  1.5
Stealth        | |  1.5

Action                     |  1- 3 |  4- 6 |  7- 9 | 10-12 || total
---------------------------+-------+-------+-------+-------++-------
  Melee: Unarmed           |     5 |    10 |    86 |       ||   101
         Punch             |       |       |     2 |       ||     2
         Mace              |       |       |     1 |     8 ||     9
   Cast: Necrotise         |    55 |   110 |    55 |       ||   220
         Vampiric Draining |       |    13 |    61 |     2 ||    76
         Agony             |       |       |     6 |       ||     6
         Animate Dead      |       |       |     4 |       ||     4
         Death Channel     |       |       |     1 |       ||     1
  Evoke: Wand              |       |       |     4 |       ||     4
    Use: Scroll            |     1 |     7 |     8 |       ||    16
 Armour: Robe              |     1 |     7 |       |       ||     8
         Leather armour    |       |     3 |    62 |       ||    65
         Steam dragon scal |       |       |    18 |     4 ||    22
  Dodge: Dodged            |    16 |    43 |   260 |     8 ||   327

Levels and vault maps discovered:
D:1:      lightli_arrival_chessboard, layout_loops_ring, minmay_hedge_maze
D:2:      layout_loops_cross, guppyfry_early_lair_pool, uniq_jessica
D:3:      cheibrodos_fertilizer, layout_basic, chequers_garden,
          grunt_ministairs_14, minmay_cut_off
D:4:      layout_layer_cave, mainiacjoe_overflow_tiny_flanked,
          gammafunk_ghost_split
D:5:      layout_basic, minmay_temple_entry_hall
D:6:      layout_gridville, uniq_maggie, uniq_edmund
D:7:      layout_gridville, enter_bailey_2, due_unseen_surprise, uniq_pikel
D:8:      layout_gridville, mainiacjoe_overflow_cross_hatched,
          minmay_lair_entry_lava, uniq_maurice, uniq_grum
Temple:   hellmonk_temple_divided_pantheon

Notes
Turn   | Place    | Note
-------+----------+-------------------------------------------
     0 | D:1      | ytrimaz the Mummy Necromancer began the quest for the Orb.
     0 | D:1      | Reached XP level 1. HP: 13/13 MP: 4/4
     0 | D:1      | magus.rc [v1.9.6]
   478 | D:1      | Reached skill level 3 in Spellcasting
   483 | D:1      | Reached XP level 2. HP: 19/19 MP: 0/6
   833 | D:2      | Noticed Jessica
   840 | D:2      | Killed Jessica
   841 | D:2      | Gained mutation: You are in touch with the powers of death.
                  | [Mummy growth]
   841 | D:2      | Reached XP level 3. HP: 24/24 MP: 3/7
   845 | D:2      | Learned a level 3 spell: Vampiric Draining
  1290 | D:2      | Reached skill level 5 in Necromancy
  1692 | D:3      | Reached XP level 4. HP: 26/30 MP: 3/9
  1936 | D:3      | Reached skill level 4 in Spellcasting
  2044 | D:3      | HP: 6/30 [something/magic dart (6)]
  2411 | D:3      | Reached XP level 5. HP: 35/35 MP: 7/11
  2930 | D:3      | Reached skill level 6 in Necromancy
  3743 | D:4      | Reached skill level 5 in Spellcasting
  3743 | D:4      | Reached XP level 6. HP: 39/41 MP: 7/13
  3860 | D:4      | Found a blossoming altar of Fedhas.
  4188 | D:4      | Noticed olddryhag's ghost (novice GnGl)
  4207 | D:4      | Found a runed translucent gate.
  4207 | D:4      | Found a runed translucent gate.
  4207 | D:4      | Found a runed translucent gate.
  4211 | D:4      | You pick up a book of the Earth and begin reading...
  4211 | D:4      | You add the spells Leda's Liquefaction, Lee's Rapid
                  | Deconstruction and Leda's Unmaking to your library.
  4219 | D:4      | Learned a level 4 spell: Animate Dead
  4280 | D:4      | You fall into a shaft and drop 2 floors!
  4389 | D:6      | Noticed Edmund
  4427 | D:6      | Killed Edmund
  4428 | D:6      | Reached skill level 7 in Necromancy
  4428 | D:6      | Reached XP level 7. HP: 24/46 MP: 2/15
  4690 | D:6      | Reached skill level 6 in Spellcasting
  4822 | D:6      | You pick up a book of Burglary and begin reading...
  4822 | D:6      | You add the spells Passwall, Ensorcelled Hibernation and
                  | Swiftness to your library.
  5015 | D:5      | Entered Level 5 of the Dungeon
  5239 | D:5      | Reached skill level 8 in Necromancy
  5314 | D:5      | Found a staircase to the Ecumenical Temple.
  5337 | Temple   | Entered the Ecumenical Temple
  5337 | Temple   | Found a transporter.
  5337 | Temple   | Found a transporter.
  5339 | Temple   | Found a transporter.
  5339 | Temple   | Found a transporter.
  5370 | Temple   | Became a worshipper of Kikubaaqudgha
  5374 | Temple   | HP: 8/46 [ufetubus (4)]
  5380 | Temple   | HP: 3/46 [ufetubus (2)]
  5982 | D:5      | HP: 7/46 [phantom (7)]
  5983 | D:5      | HP: 1/46 [phantom (6)]
  7639 | D:6      | Noticed Maggie
  7648 | D:6      | Learned a level 5 spell: Agony
  7656 | D:6      | Killed Maggie
  7657 | D:6      | Reached skill level 7 in Spellcasting
  7657 | D:6      | Reached skill level 9 in Necromancy
  7657 | D:6      | Reached XP level 8. HP: 51/52 MP: 1/19
  8372 | D:7      | Found a flagged portal.
  8380 | Bailey   | Entered a bailey
  8405 | Bailey   | Reached skill level 8 in Spellcasting
  8425 | Bailey   | Reached skill level 10 in Necromancy
  8605 | Bailey   | Reached XP level 9. HP: 52/57 MP: 11/21
  8712 | Bailey   | Noticed a two-headed ogre
  8776 | Bailey   | Killed a two-headed ogre
  8777 | Bailey   | Reached skill level 9 in Spellcasting
  8777 | Bailey   | Reached skill level 11 in Necromancy
  8828 | Bailey   | Identified the +3 mace of the Illusory Artists {heavy,
                  | rF++}
  9347 | D:7      | Reached skill level 10 in Spellcasting
  9354 | D:7      | Identified a scroll of acquirement
  9354 | D:7      | Acquired a book of Decay
  9357 | D:7      | You pick up a book of Decay and begin reading...
  9357 | D:7      | You add the spells Cigotuvi's Dreadful Rot, Dispel Undead
                  | and Death Channel to your library.
  9365 | D:7      | Learned a level 6 spell: Death Channel
  9370 | D:7      | Learned a level 4 spell: Dispel Undead
  9614 | D:7      | Reached skill level 12 in Necromancy
  9770 | D:7      | Noticed Pikel
  9773 | D:7      | Killed Pikel
  9773 | D:7      | Reached * piety under Kikubaaqudgha
  9773 | D:7      | Received a gift from Kikubaaqudgha
  9937 | D:8      | Noticed a fire crab
  9937 | D:8      | Noticed Maurice
  9937 | D:8      | Found a staircase to the Lair.
 10188 | D:8      | Reached XP level 10. HP: 53/63 MP: 4/24
 10199 | D:8      | Killed a fire crab
 10202 | D:8      | HP: 7/63 [something/bolt of light (15)]
 10202 | D:8      | Slain by Maurice

Vanquished Creatures
  A two-headed ogre (Bailey)
  A fire crab (D:8)
  Pikel (D:7)
  Maggie (D:6)
  A spriggan (Bailey)
  A wyvern (D:7)
  2 steam dragons
  Edmund (D:6)
  2 ice beasts
  2 black bears (D:6)
  6 ogres
  A kobold brigand (D:8)
  2 bullfrogs
  3 scorpions
  4 hounds
  An orc priest (D:6)
  2 jellies (D:3)
  A sleepcap (D:7)
  Jessica (D:2)
  4 orc wizards
  4 adders
  An ufetubus (D:5)
  2 worms (D:3)
  A dart slug (D:3)
  7 orcs
  8 endoplasms
  4 giant cockroaches
  10 goblins
  7 hobgoblins
  7 jackals
  6 quokkas
  7 ball pythons
  4 bats
  3 frilled lizards
  16 kobolds
  2 rats (D:3)
127 creatures vanquished.

Vanquished Creatures (collateral kills)
  A spriggan (Bailey)
  2 ogres (Bailey)
  An orc (D:5)
  A hobgoblin (D:2)
  A kobold (D:8)
6 creatures vanquished.

Vanquished Creatures (others)
  3 ogre zombies (Bailey)
  A steam dragon zombie (D:8)
  3 kobolds (D:8)
  4 kobold zombies (D:8)
  3 orc zombies (D:5)
14 creatures vanquished.

Grand Total: 147 creatures vanquished

Table legend:
 A = Non-vault XP
 B = Vault XP
 C = Vault XP percentage of total XP
 D = Non-vault monster count
 E = Vault monster count
 F = Vault count percentage of total count
                 A         B        C        D         E       F
            +---------+---------+-------+---------+---------+-------
      Total |    2279 |    4298 |  65.3 |      98 |      35 |  26.3
            +---------+---------+-------+---------+---------+-------
        D:1 |      19 |       0 |   0.0 |      12 |       0 |   0.0
        D:2 |      35 |      37 |  51.4 |      13 |       1 |   7.1
        D:3 |     140 |     130 |  48.1 |      29 |      20 |  40.8
        D:4 |     114 |       0 |   0.0 |      10 |       0 |   0.0
        D:5 |     399 |       0 |   0.0 |      13 |       0 |   0.0
        D:6 |     600 |     588 |  49.5 |       8 |       2 |  20.0
        D:7 |     684 |     617 |  47.4 |       7 |       1 |  12.5
        D:8 |     288 |     769 |  72.8 |       6 |       1 |  14.3
     Bailey |       0 |    2157 | 100.0 |       0 |      10 | 100.0
            +---------+---------+-------+---------+---------+-------

Skill      XL: |  1  2  3  4  5  6  7  8  9 |
---------------+----------------------------+-----
Spellcasting   | 3 4 5 7 8 10 | 10.7
Necromancy     | 5 6 7 9 10 12 | 12.7
Dodging        | |  1.5
Stealth        | |  1.5

Action                     |  1- 3 |  4- 6 |  7- 9 | 10-12 || total
---------------------------+-------+-------+-------+-------++-------
  Melee: Unarmed           |     5 |    10 |    86 |       ||   101
         Punch             |       |       |     2 |       ||     2
         Mace              |       |       |     1 |     8 ||     9
   Cast: Necrotise         |    55 |   110 |    55 |       ||   220
         Vampiric Draining |       |    13 |    61 |     2 ||    76
         Agony             |       |       |     6 |       ||     6
         Animate Dead      |       |       |     4 |       ||     4
         Death Channel     |       |       |     1 |       ||     1
  Evoke: Wand              |       |       |     4 |       ||     4
    Use: Scroll            |     1 |     7 |     8 |       ||    16
 Armour: Robe              |     1 |     7 |       |       ||     8
         Leather armour    |       |     3 |    62 |       ||    65
         Steam dragon scal |       |       |    18 |     4 ||    22
  Dodge: Dodged            |    16 |    43 |   260 |     8 ||   327

Illustrated notes

Table legend:
 A = Kills in this place as a percentage of kills in the entire game.
 B = Kills by you in this place as a percentage of kills by you in the entire game.
 C = Kills by friends in this place as a percentage of kills by friends in the entire game.
 D = Other kills in this place as a percentage of other kills in the entire game.
 E = Experience gained in this place as a percentage of experience gained in the entire game.
 F = Experience gained in this place divided by the number of levels of this place that you have seen.
                   A       B       C       D       E      F
               +-------+-------+-------+-------+-------+----------------------
         Total | 100.0 | 100.0 | 100.0 |   N/A | 100.0 | 657.7
       Dungeon |  92.5 |  94.5 |  50.0 |   N/A |  67.2 | 552.5
        Bailey |   7.5 |   5.5 |  50.0 |   N/A |  32.8 | 2157.0
               +-------+-------+-------+-------+-------+----------------------

Table legend: (Time is in decaauts)
 A = Elapsed time spent in this place.
 B = Non-inter-level travel time spent in this place.
 C = Inter-level travel time spent in this place.
 D = Time resting spent in this place.
 E = Time spent auto-exploring this place.
 F = Levels seen in this place.
 G = Mean time per level.
                   A        B        C        D        E       F      G
               +--------+--------+--------+--------+--------+-----+--------+
         Total |  10234 |   9821 |    413 |    978 |   7358 |  10 | 1023.4 |
       Dungeon |   9291 |   8878 |    413 |    511 |   7116 |   8 | 1161.4 |
        Temple |    310 |    310 |      0 |    243 |      0 |   1 |  310.0 |
        Bailey |    631 |    631 |      0 |    224 |    242 |   1 |  631.0 |
               +--------+--------+--------+--------+--------+-----+--------+

Top non-repeatable levels by time:
     D:3: 2068 daAuts
     D:4: 1622 daAuts
     D:6: 1392 daAuts
     D:7: 1164 daAuts
     D:5: 1092 daAuts
     D:2: 943 daAuts
     D:1: 782 daAuts
  Bailey: 631 daAuts
  Temple: 310 daAuts
     D:8: 226 daAuts
